AoeStats
← Riptide320

Arabian Desert

510409247Analyzed
1v1 RM · 22h ago on Sep 30, 2026· 44m 7s· 2 players
Game mode
Random Map
Map size
Tiny (2 player)
Population
200
Speed
Normal
Resources
Standard
Victory
Conquest
Starting age
Dark Age
Ending age
Imperial Age
RankedLock teamsTeams togetherTeam positionsShared explorationLock speedFull tech treeHidden civsTurbo modeCheats
Victory
Defeat
🇺🇸 Japanese · United States
851
+15
🇫🇷 Maya · France
821
-15
Sakyaa
0:40 Loom
12:03 Feudal Age
18:02 Gold Mining
19:59 Double-Bit Axe
25:23 Horse Collar
27:58 Wheelbarrow
27:32 Arson
28:25 Stone Mining
33:59 Castle Age
34:02 Eagle Warrior
34:44 Squires
34:07 Pikeman
34:26 Crossbowman
35:44 Padded Archer Armor
35:35 Fletching
35:46 Scale Mail Armor
35:54 Elite Skirmisher
39:31 Hand Cart
40:06 Ballistics
39:37 Heated Shot
40:46 Chain Mail Armor
42:05 Heavy Plow
Riptide320
8:18 Loom
10:34 Feudal Age
11:10 Man-at-Arms
19:21 Fletching
19:41 Forging
21:04 Padded Archer Armor
22:04 Double-Bit Axe
29:48 Castle Age
29:01 Gold Mining
30:49 Bodkin Arrow
33:09 Bow Saw
33:25 Leather Archer Armor
33:53 Ballistics
35:02 Husbandry
39:02 Scale Mail Armor
40:50 Chain Mail Armor
41:53 Forging
44:01 Squires
Connection lost

Rejoining the realm…

Still unreachable

The connection could not be restored.

Session expired

The server has moved on; the page needs a fresh start.